Map: Flashback EE

Players

MrFercho - Winner!

  • Race: Zerg Zerg
  • League: Silver
  • Spawn Location: 11:00

TATORREA - Winner!

  • Race: Protoss Protoss
  • League: Silver
  • Spawn Location: 9:00

tigro - Winner!

  • Race: Terran Terran
  • League: Bronze
  • Spawn Location: 11:00

DrDacosta

  • Race: Terran Terran
  • League: Bronze
  • Spawn Location: 7:00

BETAVORTEX

  • Race: Terran Terran
  • Spawn Location: 7:00

Annihilator

  • Race: Terran Terran
  • Spawn Location: 7:00

VOD

Have the link to the VOD?

Description

Time

  • Played on: June 22, 2020, 7:32 p.m.
  • Length: 14:17
Show
View Real Time Build Order
Export as new Build Order

MrFercho Zerg - Winner!

Build Orders: Pool First 

Get SALT Encoding   

  12  0:01  Drone  
  13  0:20  Overlord  
  13  0:21  Drone  
  14  0:38  Drone x2  
  16  0:50  Drone  
  17  1:00  Drone  
  17  1:03  Drone  
  19  1:18  Spawning Pool  
  18  1:19  Drone  
  18  1:25  Extractor, Drone  
  19  1:26  Hatchery  
  18  1:36  Drone  
  19  1:48  Drone  
  20  1:58  Drone  
  21  2:05  Extractor  
  21  2:08  Queen  
  22  2:20  Overlord x2  
  22  2:27  Metabolic Boost  
  22  2:38  Overlord  
  22  2:39  Drone  
  22  2:41  Queen  
  22  2:42  Drone  
  26  2:54  Drone  
  26  2:57  Drone  
  28  3:04  Drone  
  28  3:05  Drone  
  30  3:13  Drone  
  30  3:14  Drone  
  30  3:19  Baneling Nest  
  31  3:24  Drone  
  31  3:25  Drone  
  31  3:26  Drone x2  
  35  3:34  Hatchery  
  34  3:52  Drone x3  
  37  3:58  Hatchery  
  36  4:03  Drone  
  36  4:09  Lair  
  37  4:15  Drone  
  37  4:17  Evolution Chamber x2, Drone  
  37  4:25  Drone  
  37  4:27  Drone  
  37  4:28  Drone x2  
  41  4:39  Drone  
  42  4:46  Extractor  
  42  4:48  Extractor, Drone x2  
  42  4:50  Drone x2  
  42  4:51  Drone  
  45  5:04  Zerg Melee Weapons Level 1, Zerg Ground Armor Level 1  
  45  5:07  Drone x2  
  47  5:21  Drone x3  
  47  5:22  Drone x4  
  54  5:29  Zergling x8  
  58  5:41  Zergling x10  
  63  5:45  Overlord  
  63  5:46  Overlord x3  
  63  5:47  Drone  
  64  5:52  Extractor  
  64  5:53  Extractor  
  62  6:01  Zergling x4  
  64  6:07  Zergling x18  
  64  6:10  Baneling x5  
  64  6:11  Baneling x7  
  73  6:13  Baneling x6  
  73  6:16  Centrifical Hooks  
  73  6:22  Zergling x8  
  73  6:25  Drone x6  
  83  6:35  Zergling x6  
  85  6:41  Hatchery  
  85  6:47  Drone x2  
  85  6:48  Drone x4  
  85  6:53  Overlord x2  
  90  6:55  Overlord x2  
  90  6:56  Overlord  
  90  7:19  Zergling x12  
  91  8:10  Zergling x4  
  91  8:11  Zergling x14  
  100  8:18  Zerg Ground Armor Level 2  
  100  8:19  Hydralisk Den, Zerg Melee Weapons Level 2  
  99  8:27  Infestation Pit  
  99  8:28  Drone x3  
  85  8:55  Zergling x12  
  75  8:56  Zergling x6  
  83  9:03  Hydralisk x6  
  95  9:10  Muscular Augments  
  95  9:29  Zergling x12  
  101  9:33  Drone x4  
  101  9:38  Drone x2  
  89  10:04  Hydralisk  
  89  10:05  Hydralisk x8  
  107  10:22  Grooved Spines  
  107  10:26  Extractor x2  
  105  10:30  Hydralisk, Spire  
  105  10:31  Hydralisk x5  
  105  10:34  Zerg Missile Weapons Level 1  
  116  10:48  Hatchery  
  115  10:50  Hydralisk x6  
  115  10:55  Hatchery  
  122  11:11  Spore Crawler  
  122  11:12  Spore Crawler  
  107  11:53  Drone x19  
  120  12:06  Drone x5  
  125  12:15  Mutalisk x4  
  125  12:16  Mutalisk x2  
  125  12:18  Overlord  
  125  12:19  Overlord x5  
  123  12:35  Lurker Den  
  122  12:41  Mutalisk x7  
  134  12:44  Mutalisk x5  
  134  12:45  Mutalisk x3  
  134  12:48  Mutalisk x2  
  152  13:17  Mutalisk  
  152  13:18  Mutalisk x8  
  170  13:34  Lurker x2  
Show
View Real Time Build Order
Export as new Build Order

TATORREA Protoss - Winner!

Build Orders:  

Get SALT Encoding   

  12  0:01  Probe  
  13  0:13  Probe  
  14  0:25  Probe  
  14  0:27  Pylon  
  15  0:45  Probe  
  15  0:49  Gateway  
  16  0:51  Gateway  
  16  0:59  Probe  
  17  1:08  Probe  
  17  1:11  Assimilator  
  17  1:16  Probe  
  18  1:24  Pylon  
  19  1:26  Probe  
  20  1:36  Pylon  
  20  1:37  Probe  
  21  1:46  Probe  
  20  1:53  Assimilator  
  21  1:58  Probe  
  21  2:00  Forge, Cybernetics Core  
  22  2:11  Probe  
  23  2:23  Probe  
  24  2:34  Nexus  
  24  2:42  Pylon  
  24  2:44  Probe  
  25  2:48  Warp Gate  
  25  2:56  Probe  
  26  2:59  Stalker  
  28  3:06  Probe  
  28  3:07  Stalker  
  31  3:14  Probe  
  32  3:23  Probe  
  33  3:31  Stalker  
  35  3:35  Probe  
  36  3:43  Photon Cannon  
  36  3:46  Probe  
  36  3:47  Probe  
  38  3:54  Sentry  
  40  3:58  Probe  
  40  4:00  Stalker  
  40  4:02  Probe  
  44  4:10  Probe  
  44  4:14  Probe  
  44  4:17  Photon Cannon  
  46  4:19  Photon Cannon  
  46  4:20  Shield Battery  
  46  4:22  Probe  
  47  4:26  Probe  
  48  4:34  Probe  
  48  4:35  Robotics Facility, Protoss Ground Weapons Level 1  
  49  4:38  Probe  
  50  4:46  Probe  
  50  4:47  Assimilator  
  50  4:51  Assimilator, Probe  
  52  4:59  Nexus  
  52  5:05  Pylon  
  52  5:08  Pylon, Probe  
  52  5:09  Probe  
  54  5:20  Probe  
  54  5:21  Probe  
  56  5:32  Stalker, Probe  
  56  5:33  Stalker, Probe  
  62  5:38  Immortal  
  66  5:44  Probe  
  66  5:45  Probe  
  68  5:55  Twilight Council  
  68  5:56  Probe  
  69  5:57  Pylon, Probe  
  69  6:02  Pylon  
  70  6:07  Pylon  
  70  6:08  Probe  
  70  6:09  Probe  
  72  6:17  Gateway  
  72  6:18  Gateway, Probe, Observer  
  73  6:20  Gateway, Probe  
  73  6:21  Probe  
  76  6:30  Probe  
  76  6:31  Assimilator  
  77  6:33  Probe x2  
  77  6:35  Assimilator  
  77  6:36  Protoss Ground Weapons Level 2  
  79  6:41  Stalker  
  79  6:42  Stalker, Forge  
  79  6:45  Forge  
  83  6:47  Probe x3  
  86  6:59  Probe x3  
  86  7:00  Immortal  
  93  7:15  Shield Battery  
  93  7:16  Shield Battery  
  93  7:19  Shield Battery  
  93  7:27  Stalker x2  
  93  7:28  Stalker x3  
  103  7:30  Protoss Ground Armor Level 1, Protoss Shields Level 1  
  103  8:01  Nexus  
  103  8:02  Stalker x2, Pylon, Robotics Bay  
  103  8:03  Stalker x2  
  103  8:04  Stalker, Pylon  
  113  8:09  Immortal  
  117  8:20  Probe x3  
  120  8:29  Pylon  
  120  8:32  Pylon  
  120  8:36  Stalker  
  120  8:37  Stalker  
  120  8:38  Assimilator, Pylon  
  120  8:39  Assimilator  
  120  8:40  Pylon  
  120  8:41  Probe x3  
  127  8:44  Pylon  
  127  8:47  Pylon  
  127  8:52  Protoss Ground Weapons Level 3  
  127  8:53  Probe x3  
  130  8:55  Pylon  
  130  8:59  Pylon  
  130  9:05  Stalker x2  
  130  9:06  Stalker x3  
  130  9:08  Colossus  
  146  9:11  Extended Thermal Lance  
  146  9:18  Protoss Shields Level 2, Protoss Ground Armor Level 2  
  146  9:45  Pylon  
  146  9:47  Stalker x2  
  146  9:48  Nexus  
  146  9:49  Pylon  
  146  9:50  Stalker  
  152  9:53  Stalker  
  152  9:55  Stalker  
  152  9:58  Probe x3  
  160  10:00  Probe  
  160  10:02  Colossus  
  166  10:10  Probe  
  167  10:27  Gateway  
  167  10:30  Gateway  
  167  10:31  Gateway  
  167  10:34  Gateway  
  167  10:37  Gateway  
  167  10:39  Gateway  
  167  10:41  Gateway  
  167  10:43  Gateway  
  167  10:45  Gateway  
  167  10:48  Gateway  
  167  10:52  Templar Archives  
  167  10:55  Colossus  
  173  11:00  Stalker x2  
  173  11:01  Stalker x2  
  173  11:02  Stalker  
  183  11:34  Stalker x2  
  183  11:35  Stalker x4  
  183  11:36  Stalker x2  
  149  13:28  High Templar x4  
  149  13:29  High Templar x5  
  149  13:30  High Templar x4  
  149  13:31  High Templar x2  
  173  13:40  Archon x5  
  173  13:41  Archon x2  
  164  14:08  High Templar x5  
  164  14:09  High Templar x3  
  180  14:10  High Templar x5  
  180  14:11  High Templar x2  
  194  14:14  Archon  
Show
View Real Time Build Order
Export as new Build Order

tigro Terran - Winner!

Build Orders:  

Get SALT Encoding   

  12  0:03  SCV  
  13  0:15  SCV  
  14  0:25  Supply Depot  
  14  0:28  SCV  
  15  0:39  Refinery  
  15  0:47  SCV  
  16  0:55  Barracks  
  16  1:01  SCV  
  17  1:10  Refinery  
  17  1:13  SCV  
  18  1:24  Supply Depot  
  18  1:25  SCV  
  19  1:37  SCV  
  20  1:45  Marine  
  21  1:50  SCV  
  22  2:02  Barracks, Marine, SCV  
  24  2:14  SCV  
  25  2:20  Marine  
  26  2:27  Orbital Command  
  26  2:38  Marine  
  27  2:53  Engineering Bay  
  27  2:56  Marine  
  28  3:03  Barracks Tech Lab  
  28  3:07  Command Center  
  28  3:21  Factory  
  28  3:24  Barracks Reactor  
  28  3:26  Combat Shield  
  28  4:02  Terran Infantry Weapons Level 1  
  28  4:07  Marine  
  28  4:08  Marine x2  
  31  4:12  Factory Tech Lab  
  31  4:22  Refinery  
  31  4:23  SCV  
  32  4:34  Refinery  
  32  4:35  SCV  
  32  4:37  Siege Tank  
  36  4:45  Stimpack  
  36  4:50  Starport  
  36  4:54  Marine x3  
  39  5:12  Marine  
  40  5:31  Armory  
  40  5:41  Medivac  
  42  5:55  SCV  
  42  5:57  Terran Infantry Armor Level 1  
  43  6:08  SCV  
  44  6:11  Medivac  
  46  6:20  Fusion Core, SCV  
  46  6:25  Concussive Shells  
  47  6:32  Marine x3, SCV  
  51  6:44  SCV  
  52  6:50  Marine x3  
  52  6:51  Terran Vehicle Weapons Level 1  
  55  6:56  Starport Tech Lab  
  55  7:07  Marine  
  55  7:08  Marine x2  
  58  7:15  SCV  
  59  7:25  Marine  
  59  7:26  Marine x2  
  62  7:50  Neosteel Armor  
  62  8:14  Command Center  
  62  8:29  Supply Depot  
  62  8:41  Marine x2, SCV  
  62  8:42  Marine  
  58  8:53  Supply Depot, SCV  
  52  8:58  Marine x2  
  52  9:00  Marine  
  54  9:05  SCV  
  55  9:16  Marine x2  
  53  9:17  SCV  
  53  9:18  Marine  
  47  9:31  Medivac, Hi-Sec Auto Tracking  
  49  9:34  Marine x2  
  49  9:36  Marine  
  52  9:48  Starport  
  52  9:50  SCV  
  52  9:52  Marine x2  
  55  9:54  Marine  
  55  9:57  SCV, Refinery  
  57  10:01  Medivac  
  57  10:02  SCV  
  60  10:09  SCV  
  60  10:10  Marine  
  60  10:14  SCV  
  65  10:21  SCV  
  65  10:26  SCV  
  65  10:27  Terran Infantry Weapons Level 2  
  65  10:31  Battlecruiser  
  65  10:34  Starport Tech Lab  
  71  10:35  Marine  
  71  10:36  Marine x2  
  71  10:38  SCV  
  75  10:49  Thor  
  81  10:53  Marine x3  
  84  11:02  Supply Depot  
  84  11:11  Marine x3  
  87  11:29  Marine x3  
  90  11:35  Battlecruiser  
  88  11:41  Medivac  
  88  11:47  Marine x3  
  83  11:57  Refinery  
  80  12:04  Marine  
  80  12:05  Marine x2  
  83  12:11  Medivac  
  85  12:22  Marine  
  86  12:37  Marine x2  
  86  12:40  Marine  
  86  12:42  SCV  
  90  12:55  Marine x2, SCV  
  93  12:58  Marine  
  94  13:07  SCV  
  95  13:13  Marine x2  
  95  13:16  Marine  
  95  13:19  SCV  
  99  13:30  Marine  
  99  13:31  Marine, SCV  
  99  13:34  Marine  
  109  13:48  Marine x2  
  109  13:52  Marine  
Show
View Real Time Build Order
Export as new Build Order

DrDacosta Terran 

Build Orders:  

Get SALT Encoding   

  12  0:11  SCV  
  13  0:18  Supply Depot  
  13  0:23  SCV  
  14  0:35  SCV  
  15  0:46  Barracks  
  15  0:47  SCV  
  16  0:59  SCV  
  17  1:33  Barracks  
  17  1:35  Marine  
  17  1:38  Orbital Command  
  18  1:53  Marine  
  19  2:16  SCV  
  19  2:22  Barracks  
  20  2:33  Refinery  
  20  2:37  Command Center  
  20  2:51  Marine  
  20  2:53  Marine  
  20  2:58  Refinery  
  22  3:01  SCV  
  23  3:10  Barracks  
  23  3:48  Marine x3  
  26  3:58  Supply Depot  
  26  4:06  Marine x3  
  29  4:15  Orbital Command  
  29  4:20  Supply Depot  
  29  4:24  Marine x3  
  32  4:39  Barracks Reactor  
  32  4:42  Supply Depot, Marine x3  
  35  4:48  SCV  
  36  4:59  Marine x3  
  36  5:00  SCV  
  36  5:05  Supply Depot  
  36  5:06  SCV  
  41  5:12  SCV  
  42  5:18  SCV  
  43  5:28  Supply Depot  
  43  5:33  SCV  
  44  5:39  SCV  
  45  5:43  Barracks Reactor  
  45  5:44  Barracks Tech Lab  
  45  5:50  Supply Depot  
  45  5:51  SCV  
  46  6:03  SCV  
  47  6:06  Marauder  
  47  6:08  Stimpack, Barracks Tech Lab  
  49  6:14  Supply Depot  
  49  6:15  SCV  
  50  6:27  Marauder, SCV  
  53  6:37  Supply Depot  
  53  6:39  Refinery  
  53  6:48  Marauder  
  55  6:59  Supply Depot, Concussive Shells  
  55  7:02  Reaper x3  
  55  7:03  Reaper  
  55  7:05  Refinery  
  59  7:12  Bunker  
  59  7:30  Engineering Bay  
  59  7:39  Command Center  
  59  7:41  Combat Shield  
  59  7:57  Terran Infantry Armor Level 1  
  59  8:22  Sensor Tower, Missile Turret  
  59  8:26  SCV  
  60  8:29  SCV  
  61  8:38  SCV  
  61  8:41  SCV  
  63  8:47  Missile Turret  
  63  8:50  SCV  
  63  8:53  SCV  
  63  8:54  Factory  
  65  8:56  Ghost Academy  
  65  8:57  Barracks Reactor  
  65  9:08  Missile Turret  
  60  9:26  Ghost, Marine  
  60  9:27  Marine x3  
  66  9:40  Missile Turret  
  66  9:42  Marine x2  
  66  9:44  Marine  
  66  9:45  Marine x3  
  69  9:51  Personal Cloaking  
  69  9:52  Terran Infantry Weapons Level 1  
  69  9:54  Ghost  
  69  9:57  Armory  
  69  9:59  Marine  
  71  10:00  Marine, Missile Turret  
  71  10:02  Marine  
  71  10:03  Marine x3  
  71  10:05  Orbital Command  
  77  10:09  Refinery  
  77  10:17  Supply Depot, Marine  
  77  10:18  Marine  
  77  10:20  Marine x4  
  77  10:21  Missile Turret  
  83  10:23  Marine  
  83  10:28  Cyclone  
  87  10:35  Marine, Refinery  
  87  10:36  Marine  
  87  10:41  Supply Depot, Marine, Missile Turret  
  90  10:58  Marine  
  90  11:03  Supply Depot  
  91  11:04  Missile Turret  
  91  11:10  Missile Turret  
  91  11:17  Nuke  
  91  11:25  Supply Depot  
  91  11:30  Missile Turret  
  55  11:47  Supply Depot  
  55  11:50  Missile Turret  
  54  11:57  Marine x6  
  54  11:59  Enhanced Shockwaves  
  60  12:10  Supply Depot  
  60  12:13  Missile Turret  
  60  12:21  Marine x7  
  65  12:32  Supply Depot, Missile Turret  
  65  12:38  Marine  
  65  12:39  Marine x6  
  72  12:51  Missile Turret  
  72  12:56  Supply Depot, Marine  
  72  12:57  Marine x6  
  59  13:11  Missile Turret  
  59  13:14  Marine  
  59  13:15  Marine x5  
  59  13:18  Nuke  
  59  13:19  Ghost  
  65  13:31  Missile Turret x2  
  65  13:32  Marine x5  
  65  13:33  Marine  
  70  13:51  Missile Turret  
  47  14:05  Bunker  
Show
View Real Time Build Order
Export as new Build Order

BETAVORTEX Terran 

Build Orders:  

Get SALT Encoding   

  12  0:01  SCV  
  13  0:16  SCV  
  14  0:28  SCV  
  15  0:37  Supply Depot  
  15  0:44  Supply Depot  
  15  0:53  Refinery  
  15  0:57  Refinery  
  15  0:59  SCV  
  16  1:07  Barracks  
  17  1:11  SCV  
  17  1:24  Barracks  
  17  1:29  SCV  
  18  1:41  SCV  
  19  1:53  SCV  
  20  1:56  Barracks Reactor  
  20  2:05  SCV  
  21  2:17  SCV  
  21  2:18  Factory  
  22  2:30  Barracks Reactor  
  22  2:40  Command Center, Marine  
  23  2:44  Marine  
  24  2:58  Marine  
  24  3:02  Marine  
  24  3:03  Supply Depot  
  26  3:09  Marine  
  27  3:16  Marine  
  28  3:24  Starport  
  28  3:27  Marine  
  28  3:30  Marine  
  30  3:35  Factory Tech Lab  
  30  3:39  Marine  
  31  3:44  Marine  
  32  3:54  Supply Depot  
  32  4:00  Marine  
  32  4:01  Marine  
  34  4:05  Marine  
  34  4:09  Marine  
  36  4:18  Marine  
  36  4:19  SCV  
  38  4:28  Supply Depot  
  38  4:30  Starport Tech Lab  
  38  4:35  Marine  
  38  4:37  Marine  
  40  4:49  Siege Tank  
  43  4:55  Raven  
  43  4:59  Marine  
  46  5:38  Marine x4  
  50  5:55  Marine  
  50  5:56  Marine x3, Starport  
  54  6:04  Fusion Core  
  54  6:13  Marine  
  54  6:14  Marine x3  
  58  6:22  Engineering Bay  
  57  6:47  Marine  
  57  6:48  Marine x3  
  61  6:58  Bunker  
  61  7:05  Marine x3  
  61  7:06  Marine  
  65  7:16  Viking  
  67  7:23  Marine  
  67  8:01  Marine  
  67  8:02  Marine x2  
  70  8:21  Orbital Command  
  70  8:25  Supply Depot  
  70  8:33  Supply Depot  
  70  8:41  Refinery  
  70  8:45  Marine  
  70  8:46  Marine x2  
  70  8:47  Marine  
  30  9:03  Marine  
  30  9:05  Marine  
  29  9:18  Marine  
  29  9:23  Marine  
  29  9:26  SCV  
  30  9:35  Battlecruiser  
  30  9:36  Marine  
  37  9:41  Marine  
  38  9:53  Supply Depot  
  38  9:54  Marine  
  38  9:55  Supply Depot  
  39  10:02  Marine  
  39  10:04  Supply Depot  
  40  10:12  Marine  
  41  10:17  Viking  
  43  10:34  Cyclone  
  46  11:06  Cyclone  
  40  11:38  Cyclone  
  43  11:40  Marine x2  
  45  11:57  Marine  
  45  11:58  Marine  
  45  11:59  SCV  
  48  12:11  SCV  
  48  12:15  Marine  
  52  12:16  Marine  
  52  12:23  SCV  
  52  12:25  Siege Tank  
  47  12:33  Marine x2  
  47  12:35  SCV  
  50  12:47  SCV  
  50  12:51  Marine x2  
  34  13:09  Marine  
  34  13:26  Marine  
  39  13:37  Viking  
Show
View Real Time Build Order
Export as new Build Order

Annihilator Terran 

Build Orders:  

Get SALT Encoding   

  12  0:45  Supply Depot  
  12  0:51  SCV  
  13  0:59  Refinery  
  13  1:00  Supply Depot  
  13  1:05  SCV  
  13  1:08  Supply Depot  
  14  1:23  Supply Depot  
  14  1:28  Refinery  
  14  1:32  Supply Depot  
  14  1:52  Barracks  
  15  1:54  SCV  
  15  2:06  SCV  
  16  2:18  SCV  
  17  2:30  SCV  
  18  2:42  SCV  
  19  2:54  SCV  
  20  3:03  Command Center  
  20  3:06  SCV  
  21  3:14  Barracks Reactor  
  21  3:19  SCV  
  22  3:31  SCV  
  23  3:43  SCV  
  24  3:50  Marine  
  24  3:51  Marine  
  26  4:08  Marine  
  26  4:09  Marine  
  28  4:19  Refinery  
  28  4:23  Factory  
  28  4:26  Marine x2  
  30  4:35  Engineering Bay  
  30  4:38  Orbital Command  
  30  4:44  Marine x2  
  30  4:45  Refinery  
  32  4:53  SCV  
  33  5:02  Marine x2  
  33  5:06  Factory, SCV x2  
  37  5:11  Factory Tech Lab  
  37  5:18  SCV  
  37  5:19  Marine, SCV  
  40  5:57  Factory Tech Lab, Siege Tank  
  43  5:59  SCV  
  43  6:01  SCV  
  45  6:11  SCV  
  46  6:13  SCV  
  47  6:23  SCV  
  48  6:25  SCV  
  48  6:29  Siege Tank  
  52  6:35  SCV  
  52  6:38  SCV  
  54  6:47  SCV  
  54  6:50  SCV  
  56  7:31  SCV  
  56  7:32  Starport  
  56  7:33  SCV  
  58  7:39  Marine x2  
  58  7:43  SCV  
  61  7:45  SCV  
  62  7:55  SCV  
  62  7:57  Marine x2, SCV  
  52  8:09  Starport, Siege Tank x2  
  58  8:14  Marine  
  58  8:15  Marine  
  60  8:23  Starport Reactor  
  60  8:25  Terran Infantry Weapons Level 1  
  60  8:32  Marine  
  60  8:33  Marine  
  62  8:41  Siege Tank x2, Planetary Fortress  
  53  9:57  Supply Depot  
  53  10:00  Supply Depot  
  53  10:12  Starport Reactor  
  53  10:19  Supply Depot, Terran Infantry Armor Level 1  
  53  10:22  Supply Depot  
  53  10:40  Marine  
  53  10:41  Supply Depot  
  54  10:43  Viking x2, Marine, Siege Tank  
  54  10:44  Supply Depot  
  62  11:03  Marine x2, Siege Tank, SCV  
  68  11:05  Supply Depot  
  68  11:07  Supply Depot  
  68  11:08  SCV  
  69  11:13  Viking x2  
  69  11:15  Siege Tank, SCV  
  77  11:20  SCV  
  77  11:23  Marine  
  78  11:26  Marine  
  78  11:27  Supply Depot  
  78  11:30  Supply Depot  
  79  11:34  Supply Depot  
  79  11:35  Siege Tank  
  82  11:41  Marine  
  82  11:43  Viking x2  
  82  11:44  Marine  
  88  11:48  Siege Tank  
  88  11:50  Supply Depot  
  88  11:52  Supply Depot  
  91  11:57  Supply Depot  
  91  11:58  Supply Depot  
  91  11:59  Marine  
  91  12:01  Marine  
  91  12:07  Siege Tank, SCV  
  96  12:13  Viking x2, Supply Depot, Neosteel Armor  
  100  12:15  Supply Depot  
  100  12:19  SCV  
  100  12:20  Siege Tank  
  96  12:31  SCV  
  97  12:39  Supply Depot  
  97  12:40  Supply Depot  
  89  13:02  Supply Depot  
  89  13:03  Supply Depot  
Tags
 
Add a new tag
Caveats
  • Supply blocks, unpowered buildings, or Contaminate may cause inaccurate times.
  • Supply counts are checked every 10 seconds.